Map: Temple gelé

Players

zidar

  • Race: Zerg Zerg
  • League: Gold
  • Spawn Location: 11:00

HidraLZ - Winner!

  • Race: Protoss Protoss
  • League: Gold
  • Spawn Location: 5:00

VOD

Have the link to the VOD?

Description

Time

  • Played on: June 3, 2016, 3:16 p.m.
  • Length: 12:06
Show
View Real Time Build Order
Export as new Build Order

zidar Zerg 

Build Orders: Hatch First 

Get SALT Encoding   

  12  0:03  Drone  
  13  0:12  Overlord  
  13  0:17  Drone  
  14  0:23  Extractor, Drone  
  15  0:32  Drone  
  15  0:35  Drone  
  17  0:56  Hatchery  
  16  0:57  Drone  
  17  1:13  Spawning Pool  
  17  1:15  Drone  
  17  1:19  Extractor  
  17  1:21  Drone  
  17  1:28  Drone  
  18  1:43  Overlord  
  18  1:44  Drone  
  19  2:01  Queen  
  19  2:07  Drone  
  23  2:08  Drone  
  23  2:09  Queen  
  25  2:30  Drone x3  
  25  2:37  Drone x3  
  31  2:46  Extractor  
  30  3:01  Roach Warren  
  29  3:11  Drone x7  
  36  3:44  Overlord x2  
  36  4:00  Pneumatized Carapace  
  36  4:02  Lair  
  36  4:03  Drone x3  
  39  4:12  Extractor  
  39  4:13  Extractor, Zergling x2  
  39  4:14  Zergling x2  
  39  4:15  Zergling x4  
  39  4:16  Roach x4  
  49  4:19  Metabolic Boost  
  49  4:45  Drone x3  
  52  4:47  Overlord x2  
  52  4:48  Overlord x2  
  52  4:51  Hatchery  
  51  5:07  Drone x6  
  57  5:32  Hydralisk Den  
  56  5:35  Drone  
  56  5:36  Drone x2  
  56  5:39  Drone x7  
  66  5:45  Queen  
  68  6:02  Evolution Chamber  
  67  6:05  Evolution Chamber  
  67  6:06  Muscular Augments  
  67  6:07  Glial Reconstitution  
  68  6:11  Roach x8  
  82  6:34  Overlord x3  
  82  6:35  Overlord  
  82  6:38  Zerg Ground Armor Level 1  
  82  6:39  Zerg Missile Weapons Level 1  
  82  6:53  Drone x6  
  88  6:56  Overlord  
  88  6:57  Overlord x2  
  88  7:00  Hydralisk x5  
  98  7:19  Extractor x2  
  96  7:30  Hydralisk  
  96  7:31  Hydralisk x10  
  96  7:35  Ravager x4  
  122  7:42  Drone x2  
  122  7:43  Drone  
  125  7:49  Hydralisk  
  125  7:50  Hydralisk x4  
  135  7:54  Roach  
  137  8:02  Overlord x2  
  137  8:03  Overlord x2  
  137  8:31  Lurker Den  
  137  8:33  Zerg Ground Armor Level 2  
  137  8:34  Zerg Missile Weapons Level 2  
  137  8:45  Infestation Pit  
  136  9:02  Roach x14  
  164  9:26  Hive  
  164  9:46  Hatchery  
  114  10:04  Hydralisk  
  114  10:05  Hydralisk x17  
  95  10:24  Hydralisk x6  
  36  11:14  Hydralisk  
  36  11:15  Hydralisk x11  
  36  11:16  Zergling x2  
  36  11:17  Zergling x8  
Show
View Real Time Build Order
Export as new Build Order

HidraLZ Protoss - Winner!

Build Orders: Archon Immortal 

Get SALT Encoding   

  12  0:02  Probe (Chrono Boost)  
  13  0:13  Probe (Chrono Boost)  
  14  0:20  Pylon  
  14  0:23  Probe (Chrono Boost)  
  15  0:38  Probe (Chrono Boost)  
  15  0:42  Gateway  
  16  0:48  Probe (Chrono Boost)  
  17  0:55  Assimilator  
  17  0:59  Probe (Chrono Boost)  
  18  1:19  Probe (Chrono Boost)  
  18  1:22  Assimilator  
  19  1:29  Probe (Chrono Boost)  
  19  1:32  Cybernetics Core  
  20  1:42  Probe (Chrono Boost)  
  21  1:52  Probe (Chrono Boost)  
  22  2:03  Probe (Chrono Boost)  
  23  2:08  Nexus  
  23  2:09  Pylon  
  23  2:10  Warp Gate (Chrono Boost)  
  23  2:26  Probe  
  23  2:28  Adept (Chrono Boost)  
  25  2:38  Probe  
  25  2:40  Gateway  
  26  2:50  Probe  
  27  3:02  Sentry, Probe  
  30  3:06  Pylon  
  30  3:15  Gateway  
  30  3:19  Probe  
  31  3:20  Probe  
  31  3:26  Assimilator  
  32  3:29  Assimilator, Stalker  
  32  3:31  Probe  
  35  3:41  Probe, Twilight Council  
  35  3:43  Probe  
  37  3:48  Stalker  
  37  3:52  Probe  
  40  3:55  Probe  
  41  4:10  Probe  
  41  4:11  Probe  
  41  4:17  Robotics Facility  
  43  4:21  Templar Archives  
  43  4:22  Probe  
  43  4:23  Probe  
  45  4:33  Probe  
  45  4:35  Probe  
  47  4:43  Probe  
  47  4:45  Pylon  
  48  4:47  Probe  
  48  4:49  Forge  
  48  4:52  Gateway  
  49  4:55  Gateway  
  49  5:01  Charge (Chrono Boost)  
  49  5:05  Observer  
  50  5:21  Immortal  
  54  5:33  Stalker x3  
  60  5:36  Protoss Ground Weapons Level 1  
  60  5:45  Pylon  
  60  5:47  Probe  
  60  5:48  Pylon  
  60  5:49  Probe  
  62  5:58  Immortal  
  66  6:14  Probe  
  66  6:15  Probe  
  68  6:26  Probe  
  68  6:27  Probe, Zealot  
  68  6:28  Zealot x3  
  78  6:34  Pylon  
  78  6:36  Pylon  
  78  6:50  Observer  
  78  6:53  Gateway x2  
  79  6:56  Gateway  
  79  6:58  Gateway  
  79  7:03  Gateway  
  79  7:06  Immortal  
  79  7:15  Zealot x4  
  91  7:16  High Templar  
  93  7:29  Pylon  
  93  7:30  Pylon x2  
  93  7:43  Observer  
  94  7:56  High Templar x2  
  94  7:57  High Templar x5  
  108  7:59  Warp Prism  
  108  8:02  Zealot x3  
  108  8:04  Archon  
  108  8:05  Archon x2  
  116  8:06  Archon  
  116  8:36  Pylon  
  116  8:38  Pylon  
  116  8:44  Nexus  
  116  8:47  High Templar, Assimilator  
  118  8:49  Immortal  
  118  8:50  Assimilator  
  118  8:53  Pylon  
  118  8:55  High Templar x2, Pylon  
  126  8:57  High Templar  
  126  8:58  Zealot x2, Pylon  
  126  8:59  Zealot  
  134  9:02  Archon  
  134  9:07  Archon  
  134  9:17  Protoss Ground Weapons Level 2  
  134  9:23  Immortal  
  138  9:37  Probe x2  
  140  9:41  Zealot x3  
  140  9:42  Zealot x5  
  156  9:49  Probe x2  
  158  9:57  Stalker x2  
  110  10:27  Zealot x5  
  110  10:28  Zealot x5  
  102  10:50  Zealot x7  
  102  10:51  Zealot  
  90  11:04  Immortal  
  90  11:12  Stalker x2  
  90  11:15  High Templar x3  
  96  11:21  Archon  
  96  11:23  High Templar  
  96  11:24  Zealot x2  
  102  11:28  Archon  
  98  11:40  Stalker x3  
  92  12:00  Zealot x2  
  92  12:01  Zealot x5  
Tags
 
Composition
Archon Immortal
League
GoldGold
Matchup
PvZ
Spawn Locations
Cross Positions
Add a new tag
Caveats
  • Supply blocks, unpowered buildings, or Contaminate may cause inaccurate times.
  • Supply counts are checked every 10 seconds.